 Dungeon Sprint DCSS version 0.25-a0-513-ge77a69270c (webtiles) character file.

Game seed: 13324940330680968077, levelgen mode: deterministic

14 MordorOrchid the Skirmisher (level 2, 0/26 HPs)
             Began as a Minotaur Venom Mage on Feb 16, 2020.
             Succumbed to a worker ant's poison
             ... in the Dungeon (Sprint IX: "|||||||||||||||||||||||||||||").
             The game lasted 00:01:19 (92 turns).

MordorOrchid the Skirmisher (Minotaur Venom Mage)     Turns: 92, Time: 00:01:20

Health: 0/26       AC:  2    Str: 12    XL:     2   Next: 31%
Magic:  1/3        EV: 12    Int: 12    God:
Gold:   0          SH:  0    Dex: 10    Spells: 3/4 levels left

rFire    . . .     SeeInvis .     - Unarmed
rCold    . . .     Gourm    .   (no shield)
rNeg     . . .     Faith    .   a - +0 robe
rPois    .         Spirit   .   (helmet restricted)
rElec    .         Reflect  .   (no cloak)
rCorr    .         Harm     .   (no gloves)
MR       .....     NoTele   +   (no boots)
Stlth    ++........             (no amulet)
HPRegen  0.08/turn              (no ring)
MPRegen  0.08/turn              (no ring)

@: lethally poisoned (0 -> -10), berserk cooldown, slowed, very slow
A: retaliatory headbutt, horns 2
a: no special abilities


You were in the Dungeon.
You were not hungry.

You visited 1 branch

Inventory:

Armour
 a - a +0 robe (worn)
Scrolls
 i - a scroll of blinking
Potions
 d - a potion of curing
 e - a potion of heal wounds
 f - a potion of haste
 g - 2 potions of magic
Comestibles
 b - 2 chunks of flesh
 c - a ration


   Skills:
 - Level 3.0 Fighting
 - Level 2.1 Dodging
 - Level 1.5 Stealth
 * Level 2.7 Unarmed Combat
 + Level 1.6 Spellcasting
 * Level 1.2 Transmutations
 + Level 2.6 Poison Magic


You had 3 spell levels left.
You knew the following spells:

 Your Spells              Type           Power        Failure   Level  Hunger
a - Sting                 Tmut/Pois      #...         13%         1    ##.....

Your spell library contained the following spells:

 Spells                   Type           Power        Failure   Level  Hunger
 Poisonous Vapours        Pois/Air       #.....       26%         2    ###....
 Ignite Poison            Fire/Tmut/Pois #.......     45%         3    ####...
 Mephitic Cloud           Conj/Pois/Air  #.......     52%         3    ####...
 Olgreb's Toxic Radiance  Pois           #.......     67%         4    #####..


Dungeon Overview and Level Annotations

Branches:
Dungeon (1/1)

Altars:


Innate Abilities, Weirdness & Mutations

You reflexively headbutt those who attack you in melee.
You have a pair of horns on your head.


Message History

You feel sick. The worker ant bites you.
You are lethally poisoned!
The worker ant poisons you!
The crimson imp blinks!
The worker ant closely misses you. You furiously retaliate!
You headbutt the worker ant, but do no damage.
You barely miss the worker ant.
The worker ant is severely wounded.
You feel sick. The worker ant bites you.
* * * LOW HITPOINT WARNING * * *
You closely miss the worker ant.
The worker ant is severely wounded.
* * * LOW HITPOINT WARNING * * *
You feel sick. The worker ant bites you.
* * * LOW HITPOINT WARNING * * *
The worker ant barely misses you. You furiously retaliate!
You headbutt the worker ant, but do no damage.
The crimson imp blinks!
You hit the worker ant.
The worker ant is severely wounded.
You die... ▓▓▓▓▓▓▓▓▓▓▓▓▓▓▓▓▓▓ ▓<.(().....@aZ.5.+ ▓▓▓▓▓▓▓▓▓▓▓▓▓▓▓▓▓▓

You could see a worker ant, a crimson imp and a quokka zombie.

Vanquished Creatures
  A shadow imp (D)
  An orc (D)
  2 kobolds (D)
  3 bats (D)
7 creatures vanquished.

Notes
Turn   | Place    | Note
-------+----------+-------------------------------------------
     0 | D        | MordorOrchid the Minotaur Venom Mage began the quest for
                  | the Orb.
     0 | D        | Reached XP level 1. HP: 14/14 MP: 1/1
    11 | D        | Reached skill level 1 in Fighting
    11 | D        | Reached skill level 1 in Unarmed Combat
    14 | D        | Reached skill level 2 in Fighting
    77 | D        | Noticed a worker ant
    77 | D        | Noticed a crimson imp
    84 | D        | Reached skill level 3 in Fighting
    84 | D        | Reached skill level 1 in Transmutations
    84 | D        | Reached XP level 2. HP: 26/26 MP: 1/3
    91 | D        | HP: 1/26 [worker ant (3)]
    92 | D        | Succumbed to a worker ant's poison

Levels and vault maps discovered:
D:        linesprint [early_d, line_temple, items_1, d_10, items_2, lair_1,
          lair_end, items_3, orc_1, orc_end, items_4, d_15, swamp_1, shoals_1,
          snake_1, spider_1, d_20, vaults_1, items_5, swamp_end, shoals_end,
          snake_end, spider_end, vaults_end, d_27, items_6, zot_1, zot_end,
          crypt_end, forest_end, elf_end, slime_end, tomb_end, abyss_end,
          pan_hell_end]

Skill      XL: |  1 |
---------------+----+-----
Fighting       | 3 |  3.0
Unarmed Combat | 2 |  2.7
Transmutations | 1 |  1.2
Dodging        | |  2.1
Stealth        | |  1.5
Spellcasting   | |  1.6
Poison Magic   | |  2.6

Action                   || total
-------------------------++-------
Melee: Unarmed           ||    23
       Headbutt          ||     2
 Cast: Sting             ||     1
  Use: Potion            ||     1
Armor: Robe              ||     3
Dodge: Dodged            ||    17

Table legend:
 A = Non-vault XP
 B = Vault XP
 C = Vault XP percentage of total XP
 D = Non-vault monster count
 E = Vault monster count
 F = Vault count percentage of total count
                 A         B        C        D         E       F
            +---------+---------+-------+---------+---------+-------
      Total |       0 |      21 | 100.0 |       0 |       7 | 100.0
            +---------+---------+-------+---------+---------+-------
          D |       0 |      21 | 100.0 |       0 |       7 | 100.0
            +---------+---------+-------+---------+---------+-------
